 Dungeon Crawl Stone Soup version 0.22-a0-322-g60b3cfd (webtiles) character file.

39 Kairos the Covered (level 3, 0/30 HPs)
             Began as a Barachi Fighter on Apr 4, 2018.
             Killed by nerve-wracking pain
             ... invoked by Jessica
              (10 damage)
             ... on level 2 of the Dungeon.
             The game lasted 00:00:48 (696 turns).

Kairos the Covered (Barachi Fighter)                 Turns: 696, Time: 00:00:49

Health: 0/30       AC:  7    Str: 17    XL:     3   Next: 45%
Magic:  3/3        EV:  7    Int:  8    God:
Gold:   14         SH:  9    Dex: 12    Spells: 2/2 levels left

rFire    . . .     SeeInvis .   a - +0 flail
rCold    . . .     Gourm    .   c - +0 shield
rNeg     . . .     Faith    .   b - +0 scale mail
rPois    +         Spirit   .   (no helmet)
rElec    .         Reflect  .   (no cloak)
rCorr    .         Harm     .   (no gloves)
MR       .....                  (no boots)
Stlth    ..........             (no amulet)
HPRegen  0.10/turn              h - ring of poison resistance
MPRegen  0.08/turn              (no ring)

@: slow
A: +LOS, swims, slowness 1, strong legs 1
a: Hop


You were on level 2 of the Dungeon.
You were not hungry.

You visited 1 branch of the dungeon, and saw 2 of its levels.

You collected 14 gold pieces.

Inventory:

Hand Weapons
 a - a +0 flail (weapon)
Armour
 b - a +0 scale mail (worn)
 c - a +0 shield (worn)
Jewellery
 h - a ring of poison resistance (left hand)
Scrolls
 i - a scroll of teleportation {unknown}
 k - a scroll of blinking {unknown}
 l - a scroll of random uselessness {unknown}
Potions
 d - 2 potions of might
 e - a potion of lignification {unknown}
 g - a potion of haste {unknown}
 j - a potion of agility {unknown}
Comestibles
 f - 2 rations


   Skills:
 + Level 3.8 Fighting
 + Level 2.4 Maces & Flails
 + Level 4.1 Armour
 + Level 0.4 Dodging
 + Level 4.1 Shields


You had 2 spell levels left.
You didn't know any spells.

Dungeon Overview and Level Annotations

Branches:
Dungeon (2/15)

Altars:
Elyvilon
Sif Muna
Xom

Annotations:
D:2 Jessica


Innate Abilities, Weirdness & Mutations

Shadows flee at your approach. (+LOS)
You can swim through water.
You cover ground slowly.
You can hop short distances.


Message History

You are too injured to fight recklessly!
You are too injured to fight recklessly!
You are too injured to fight recklessly!
Unknown command.
You barely miss Jessica.
Jessica is almost dead.
You block the bat's attack. You block the hobgoblin's attack.
The adder bites you but does no damage. Jessica hits you with a dagger.
The hobgoblin hits you but does no damage.
The adder bites you but does no damage.
You barely miss Jessica.
Jessica is almost dead.
The bat hits you but does no damage.
Jessica points at you and mumbles some strange words.
You barely resist. The adder bites you but does no damage.
The hobgoblin barely misses you.
Jessica shouts, "Stop bothering me, or I'll kill you!"
Jessica casts a spell at you. Pain shoots through your body!
You die...

#.#.. .....# .K.#. #....
.. ##.#S. #..#.....###
#.... #.†.######.#
##....(##S.....†..#
...._.l@@b....#####
.......g..)##..######
......%..#.###......###
._..⌠....#..#######...##
.........##..# ###..##
......_..# #... ##...
.........% .... ####
.##....### ..... ###..
....


You could see an adder, Jessica, a hobgoblin, a bat and a frilled lizard.

Vanquished Creatures
  An adder (D:2)
  2 dart slugs (D:1)
  A leopard gecko (D:1)
  An orc (D:2)
  2 bats (D:1)
  2 giant cockroaches (D:1)
  A hobgoblin (D:1)
  2 jackals (D:1)
  A quokka (D:2)
  5 goblins
  A kobold (D:1)
  4 rats
23 creatures vanquished.

Notes
Turn   | Place    | Note
-------+----------+-------------------------------------------
     0 | D:1      | Kairos the Barachi Fighter began the quest for the Orb.
     0 | D:1      | Reached XP level 1. HP: 18/18 MP: 1/1
   117 | D:1      | Reached XP level 2. HP: 23/25 MP: 2/2
   425 | D:1      | Reached XP level 3. HP: 30/30 MP: 3/3
   686 | D:2      | Found a deep blue altar of Sif Muna.
   687 | D:2      | Found a shimmering altar of Xom.
   688 | D:2      | Noticed Jessica
   690 | D:2      | Found a white marble altar of Elyvilon.
   696 | D:2      | Killed from afar by Jessica

Vault maps used:
D:1:      dpeg_arrival_refuge, minmay_crystal_water, minmay_misc_feat_encased
D:2:      grunt_temple_overflow_open, yredelemnul_forgotten_temple_becter,
          nicolae_qazlal_style_of_elements, uniq_jessica

Skill      XL: |  1  2  3 |
---------------+----------+-----
Armour         | 4 |  4.1
Shields        | 4 |  4.1
Fighting       | |  3.8
Maces & Flails | |  2.4
Dodging        | |  0.4

Action                   || total
-------------------------++-------
Melee: Flail             ||    67
Armor: Scale mail        ||    39
Dodge: Dodged            ||    16
Block: Shield            ||    40

Table legend:
 A = Spawn XP
 B = Non-spawn XP
 C = Spawn XP percentage of total XP
 D = Spawn monster count
 E = Non-spawn monster count
 F = Spawn count percentage of total count
 G = Total turns spent on level
                    A         B        C        D         E        F      G
               +---------+---------+-------+---------+---------+-------+---------
         Total |       0 |      56 |   0.0 |       0 |      23 |   0.0 |   696
               +---------+---------+-------+---------+---------+-------+---------
           D:1 |       0 |      35 |   0.0 |       0 |      18 |   0.0 |   637
           D:2 |       0 |      21 |   0.0 |       0 |       5 |   0.0 |    59
               +---------+---------+-------+---------+---------+-------+---------
